 Dungeon Crawl Stone Soup version 0.30.0-3-ga4e48a9924 (webtiles) character file.

Game seed: 13030086155972801760

46 cheesebisquit the Grave Robber (level 3, -4/31 HPs)
             Began as a Ghoul Necromancer on May 7, 2023.
             Slain by Crazy Yiuf
             ... wielding a +4 quarterstaff of chaos
              (16 damage)
             ... on level 2 of the Dungeon.
             The game lasted 00:04:09 (853 turns).

cheesebisquit the Grave Robber (Ghoul Necromancer)   Turns: 853, Time: 00:04:10

Health: -4/31      AC:  3    Str: 15    XL:     3   Next: 66%
Magic:  2/4        EV: 11    Int: 12    God:
Gold:   24         SH:  0    Dex:  9    Spells: 4/5 levels left

rFire   . . .        c - +6 hand axe of Watchfulness {heavy, rC+ rN+ Str+4}
rCold   + + .        (no shield)
rNeg    + + +        e - +0 leather armour
rPois   ∞            (no helmet)
rElec   .            (no cloak)
rCorr   .            (no gloves)
SInv    .            (no boots)
Will    .....        (no amulet)
Stlth   +            (no ring)
HPRegen 0.00/turn    (no ring)
MPRegen 0.09/turn

%: no passive effects
@: very slightly contaminated, inhibited regen, hasted, very quick
A: claws 1, cold resistance 1, negative energy resistance 3, inhibited
regeneration, torment resistance 2, devour on kill
a: no special abilities


You were on level 2 of the Dungeon.
You visited 1 branch of the dungeon, and saw 2 of its levels.

You collected 24 gold pieces.

Inventory:

Hand Weapons
 c - the +6 hand axe of Watchfulness (weapon) {heavy, rC+ rN+ Str+4}
   (You found it on level 2 of the Dungeon)

   Str:       It affects your strength (+4).
   rC:        It protects you from cold.
   rN:        It protects you from negative energy.
 g - the +8 short sword "Besenlim" {venom, rF+ rC+ rCorr Str-5}
   (You found it on level 2 of the Dungeon)

   Str:       It affects your strength (-5).
   rF:        It protects you from fire.
   rC:        It protects you from cold.
   rCorr:     It protects you from acid and corrosion.
 i - the +3 hammer "Meth" {distort, Int+2 Dex+2}
   (You found it on level 2 of the Dungeon)

   Int:       It affects your intelligence (+2).
   Dex:       It affects your dexterity (+2).
Armour
 e - a +0 leather armour (worn)
Wands
 d - a wand of paralysis (5)
Scrolls
 a - a scroll of teleportation {unknown}
 f - a scroll of torment {unknown}
Potions
 b - 2 potions of curing {unknown}
 h - a potion of berserk rage {unknown}


   Skills:
 + Level 3.3 Fighting
 - Level 1.7 Dodging
 - Level 2.1 Stealth
 - Level 0.7 Unarmed Combat
 - Level 1.7 Spellcasting
 + Level 4.0 Necromancy


You had 4 spell levels left.
You knew the following spells:

 Your Spells              Type           Power      Damage    Failure   Level
a - Necrotise             Necr           40%        1d6       7%          1

Your spell library contained the following spells:

 Spells                   Type           Power      Damage    Failure   Level
 Vampiric Draining        Necr           10%        2d6       21%         3
 Magic Dart               Conj           4%         1d3       34%         1
 Call Imp                 Summ           2%         N/A       45%         2
 Animate Dead             Necr           10%        N/A       54%         4
 Mephitic Cloud           Conj/Pois/Air  1%         N/A       71%         3
 Agony                    Necr           10%        N/A       88%         5


Dungeon Overview and Level Annotations

Branches:
Dungeon (2/15)

Altars:

Annotations:
D:2 Crazy Yiuf


Innate Abilities, Weirdness & Mutations

You are immune to poison.
You have sharp fingernails.
Your flesh is cold resistant. (rC+)
You are immune to negative energy. (rN+++)
You do not regenerate when monsters are visible.
You are immune to unholy pain and torment.
You thrive by killing the living.


Message History

The slug dart hits you but does no damage.
The dart slug writhes in agony.
You kill the dart slug!
You feel better.
You see here a dart slug corpse.
A goblin comes into view. It is wielding a +0 dagger.
The goblin writhes in agony.
The goblin barely resists.
The goblin hits you with a +0 dagger.
The goblin writhes in agony.
You kill the goblin!
You feel better.
The dead are walking!
Found a hammer.
Your goblin skeleton crumbles into dust!
Found a runed hammer.
You see here the +3 hammer "Meth" {distort, Int+2 Dex+2}.
i - the +3 hammer "Meth" {distort, Int+2 Dex+2} You see here a +0 hammer.
Found seven hammers.
Found a runed translucent door.
You see here a +2 hammer of draining.
Found a hammer.
Crazy Yiuf shouts!
Crazy Yiuf grits, "Snurf broken testudinal!"
You see here a +0 hammer.
You see here a +0 hammer.
Found two hammers and a runed hammer.
You see here a +0 hammer.
You open the door.
You miscast Necrotise.
You are very lightly contaminated with residual magic.
Nothing appears to happen.
Crazy Yiuf hits you with a +4 quarterstaff of chaos.
Space warps around you.
Crazy Yiuf writhes in agony.
Crazy Yiuf hits you with a +4 quarterstaff of chaos!
You feel yourself speed up.
You slash Crazy Yiuf!
Crazy Yiuf is severely wounded.
Crazy Yiuf hits you with a +4 quarterstaff of chaos!
Ouch! That really hurt!
You die...

#..)....####
#............
##.#######
#............
...#
#.###########
##.#### ###
#....# ####.##
#..###♣♣ ###
##..#..♣♣ ♣♣#)))#
#......♣♣♣♣@g)).#
##...♣.)♣))♣#)))#
###...♣)♣♣♣ ###
##♣♣♣♣♣


You could see Crazy Yiuf.

Vanquished Creatures
  Terence (D:2)
  A dart slug (D:2)
  A ball python (D:2)
  3 goblins (D:2)
  4 hobgoblins (D:2)
  A bat (D:2)
  2 frilled lizards (D:2)
  2 kobolds (D:2)
  3 rats (D:2)
18 creatures vanquished.

Vanquished Creatures (others)
  11 plants (D:2)
11 creatures vanquished.

Grand Total: 29 creatures vanquished

Notes
Turn   | Place    | Note
-------+----------+-------------------------------------------
     0 | D:1      | cheesebisquit the Ghoul Necromancer began the quest for the
                  | Orb.
     0 | D:1      | Reached XP level 1. HP: 14/14 MP: 2/2
     9 | D:1      | You fall into a shaft and drop 1 floor!
    33 | D:2      | Identified the +6 hand axe of Watchfulness {heavy, rC+ rN+
                  | Str+4}
   121 | D:2      | Reached skill level 1 in Fighting
   189 | D:2      | Reached XP level 2. HP: 23/23 MP: 0/3
   553 | D:2      | Noticed Terence
   579 | D:2      | Killed Terence
   580 | D:2      | Reached XP level 3. HP: 7/31 MP: 0/4
   692 | D:2      | Identified the +8 short sword "Besenlim" {venom, rF+ rC+
                  | rCorr Str-5}
   843 | D:2      | Identified the +3 hammer "Meth" {distort, Int+2 Dex+2}
   846 | D:2      | Found a runed translucent door.
   847 | D:2      | Noticed Crazy Yiuf
   853 | D:2      | Slain by Crazy Yiuf

Illustrated notes

Levels and vault maps discovered:
D:1:      lightli_iron_boxes, layout_basic
D:2:      layout_basic, serial_bayou_lake_a, uniq_jessica, uniq_terence,
          uniq_crazy_yiuf_cottage

Skill      XL: |  1  2 |
---------------+-------+-----
Fighting       | 1 3 |  3.3
Dodging        | |  1.7
Stealth        | |  2.1
Unarmed Combat | |  0.7
Spellcasting   | |  1.7
Necromancy     | |  4.0

Action                     || total
---------------------------++-------
  Melee: Hand axe          ||    23
         Unarmed           ||     1
   Cast: Necrotise         ||    30
    Use: Potion            ||     1
 Armour: Leather armour    ||     3
  Dodge: Dodged            ||    25
